 Dungeon Crawl Stone Soup version 0.29-a0-91-gdebf4667c2 (webtiles) character file.

Game seed: 11772938697672066908

12554 lunkers the Stormcaller (level 11, -9/62 HPs)
             Began as a Tengu Air Elementalist on Feb 3, 2022.
             Was an Elder of Vehumet.
             Mangled by an entropy weaver simulacrum (25 damage)
             ... in an ice cave on Feb 7, 2022.
             The game lasted 00:34:30 (17624 turns).

lunkers the Stormcaller (Tengu Air Elementalist)   Turns: 17624, Time: 00:34:30

Health: -9/62      AC: 12    Str:  9    XL:     11   Next: 95%
Magic:  2/25       EV: 18    Int: 26    God:    Vehumet [****..]
Gold:   503        SH:  0    Dex: 14    Spells: 15/29 levels left

rFire   . . .      SeeInvis .   b - +5 scimitar
rCold   . . .      Faith    .   (no shield)
rNeg    . . .      Spirit   .   h - +2 ring mail "Viunudej" {Will+}
rPois   .          Reflect  .   (helmet restricted)
rElec   .          Harm     .   z - +2 cloak
rCorr   .          Rampage  .   j - +1 pair of gloves
Will    +....                   (boots unavailable)
Stlth   +.........              (no amulet)
HPRegen 0.20/turn               q - +6 ring of intelligence
MPRegen 0.19/turn               s - +4 ring of evasion

@: flying quickly and evasively, quick
A: beak, talons 3, nimble flight
a: Renounce Religion


You were in an ice cave.
You worshipped Vehumet.
Vehumet was greatly pleased with you.
You visited 2 branches of the dungeon, and saw 12 of its levels.
You also visited: Ice Cave.

You collected 503 gold pieces.

Inventory:

Hand Weapons
 a - a +4 long sword
 b - a +5 scimitar (weapon)
 c - a +4 spear
Armour
 h - the +2 ring mail "Viunudej" (worn) {Will+}
   (You found it on level 3 of the Dungeon)

   Will:      It increases your willpower.
 j - a +1 pair of gloves (worn)
 n - a +2 robe of fire resistance
 o - a +2 tower shield
 z - a +2 cloak (worn)
Jewellery
 q - a +6 ring of intelligence (left hand)
 s - a +4 ring of evasion (right hand)
Wands
 f - a wand of polymorph (13)
 w - a wand of digging (2)
 x - a wand of flame (11)
 A - a wand of paralysis (2)
 B - a wand of iceblast (14)
Scrolls
 d - 5 scrolls of teleportation
 r - a scroll of enchant armour
 v - a scroll of silence
 y - a scroll of fear
 C - a scroll of magic mapping
Potions
 e - a potion of mutation
 g - 2 potions of resistance
 i - 4 potions of curing
 k - a potion of magic
 l - a potion of brilliance
 m - 3 potions of heal wounds
 t - 2 potions of ambrosia
 u - a potion of attraction {unknown}
 D - 2 potions of might
 E - a potion of cancellation {unknown}


   Skills:
 + Level 4.4 Fighting
 + Level 5.5 Dodging
 - Level 2.0 Stealth
 + Level 9.7 Spellcasting
 * Level 6.6 Conjurations
 - Level 17.4 Air Magic


You had 15 spell levels left.
You knew the following spells:

 Your Spells              Type           Power      Damage    Failure   Level
a - Airstrike             Air            40%        N/A       1%          4
b - Swiftness             Air            80%        N/A       1%          3
c - Static Discharge      Conj/Air       66%        N/A       1%          2
d - Shock                 Conj/Air       100%       1d9       1%          1
e - Iskenderun's Mystic   Conj/Tloc      29%        2d7       9%          4

Your spell library contained the following spells:

 Spells                   Type           Power      Damage    Failure   Level
 Foxfire                  Conj/Fire      100%       2x1d9     1%          1
 Magic Dart               Conj           100%       1d8       1%          1
 Mephitic Cloud           Conj/Pois/Air  53%        N/A       1%          3
 Conjure Flame            Conj/Fire      29%        6-21      2%          3
 Flame Wave               Conj/Fire      29%        2d8       9%          4
 Sticky Flame             Conj/Fire      29%        2d5       9%          4
 Frozen Ramparts          Ice            24%        1d4       11%         3
 Inner Flame              Hex/Fire       12%        N/A       11%         3
 Call Imp                 Summ           12%        N/A       21%         2
 Sublimation of Blood     Necr           12%        N/A       21%         2
 Wereblood                Tmut           12%        N/A       21%         2
 Olgreb's Toxic Radiance  Pois           12%        N/A       32%         4
 Ozocubu's Armour         Ice            12%        N/A       36%         3
 Dispel Undead            Necr           12%        3d9       78%         4
 Ice Form                 Ice/Tmut       12%        N/A       78%         4
 Summon Ice Beast         Ice/Summ       12%        N/A       78%         4
 Metabolic Englaciation   Hex/Ice        6%         N/A       98%         5
 Simulacrum               Ice/Necr       6%         N/A       100%        6
 Ozocubu's Refrigeration  Ice            6%         4d6       100%        7
 Summon Hydra             Summ           6%         N/A       100%        7
 Ignition                 Fire           6%         3d4       100%        8


Dungeon Overview and Level Annotations

Branches:
Dungeon (10/15)            Temple (0/1) D:7            Lair (2/6) D:8
  IceCv (1/1)
  Swamp: Lair:2-4    Shoals: Lair:2-4     Snake: Lair:2-4    Spider: Lair:2-4
    Orc: D:9-12

Altars:
Dithmenos
Elyvilon
Gozag
Kikubaaqudgha
Nemelex Xobeh
Okawaru
Ru
Sif Muna
Uskayaw
Vehumet
Wu Jian
Xom
The Shining One

Shops:
D:2 [   D:3 (   D:8 =   D:9 (

Annotations:
D:4 1 runed translucent door, cyrus's ghost, amateur DjGl


Innate Abilities, Weirdness & Mutations

You have a beak for a mouth.
You have claws for feet.
Your magical nature lets you fly swiftly and evasively.


Message History

The air twists around and strikes the quicksilver ooze!
You kill the quicksilver ooze!
Vehumet accepts your kill.
You feel your power returning.
Casting: Airstrike (safe; 1% risk of failure)
Confirm with . or Enter, or press ? or * to list all spells.
The air twists around and strikes the entropy weaver simulacrum!
The entropy weaver simulacrum is moderately damaged.
Casting: Airstrike (safe; 1% risk of failure)
Confirm with . or Enter, or press ? or * to list all spells.
The air twists around and strikes the entropy weaver simulacrum!
The entropy weaver simulacrum is severely damaged.
* * * LOW MAGIC WARNING * * *
Casting: Airstrike (safe; 1% risk of failure)
Confirm with . or Enter, or press ? or * to list all spells.
The air twists around and strikes the entropy weaver simulacrum!
The entropy weaver simulacrum is almost destroyed.
* * * LOW MAGIC WARNING * * *
You barely miss the entropy weaver simulacrum.
The entropy weaver simulacrum is almost destroyed.
The entropy weaver simulacrum hits you but does no damage.
The entropy weaver simulacrum misses you.
The entropy weaver simulacrum hits you.
The entropy weaver simulacrum freezes you!
The entropy weaver simulacrum closely misses you.
The entropy weaver simulacrum hits you but does no damage.
The entropy weaver simulacrum hits you!
The entropy weaver simulacrum freezes you!!
* * * LOW HITPOINT WARNING * * *
The entropy weaver simulacrum hits you but does no damage.
The entropy weaver simulacrum barely misses you.
Aiming: Throw Flame
Press: ? - help, Shift-Dir - straight line, f/p - entropy weaver simulacrum
Aim: an entropy weaver simulacrum (almost destroyed, 77% to hit)
The puff of flame misses the entropy weaver simulacrum.
The entropy weaver simulacrum misses you.
The entropy weaver simulacrum hits you.
* * * LOW HITPOINT WARNING * * *
The entropy weaver simulacrum freezes you!!
You die...

.... #..
...# #..
...## ..##
...# #..#
#..# #..#
### #..##
#.####.##
#..#
#..##...#
#Z.#
#.....∩∩#
##@.#
#..##...#
#...#
##.####.##
###..##
#..# ###
#....# #..#
#...##
##.## #...#
#..# #..##
##..# #..#
##..##
#..####...#


You could see an entropy weaver simulacrum.

Vanquished Creatures
  A quicksilver ooze (IceCv)
  A hydra (Lair:1)
  Erica (D:10)
  A centaur warrior (D:10)
  Joseph (D:10)
  A black mamba (Lair:2)
  Maurice (D:8)
  2 komodo dragons
  Psyche (D:8)
  An entropy weaver simulacrum (IceCv)
  2 ice devils (Lair:2)
  Prince Ribbit (D:7)
  A shadow (D:10)
  3 wyverns
  2 basilisks (Lair:1)
  A yak (D:10)
  Grum (D:8)
  2 steam dragons
  A demonic crawler simulacrum (IceCv)
  8 water moccasins
  A sky beast (D:7)
  2 orc warriors
  A necrophage (D:3)
  4 ogres
  A phantom (D:7)
  4 wolves
  3 centaurs
  2 kobold brigands
  2 scorpions (D:4)
  6 bullfrogs
  2 gnoll sergeants
  2 glowing shapeshifter simulacra (IceCv)
  A water moccasin skeleton (D:5)
  7 killer bees (D:8)
  5 howler monkeys
  12 wights
  5 centaur zombies
  2 jellies
  12 orc priests
  2 bullfrog skeletons
  4 gnoll shamans
  4 hounds
  4 iguanas
  7 orc wizards
  A statue (D:3)
  2 killer bee zombies (D:7)
  2 howler monkey zombies
  32 gnolls
  A howler monkey skeleton (D:7)
  7 adders
  A shadow imp (D:6)
  A white imp (D:7)
  An ufetubus (D:7)
  A worm zombie (D:4)
  An adder skeleton (D:4)
  A dart slug (D:4)
  33 orcs
  7 ball pythons
  4 endoplasms
  6 giant cockroaches
  9 goblins
  13 hobgoblins
  3 jackals (D:1)
  3 quokkas
  10 bats
  3 frilled lizards
  A jackal zombie (D:4)
  14 kobolds
  6 rats
291 creatures vanquished.

Vanquished Creatures (others)
  An orc wizard (D:7)
  2 fungi (D:6)
  8 plants
11 creatures vanquished.

Grand Total: 302 creatures vanquished

Notes
Turn   | Place    | Note
-------+----------+-------------------------------------------
     0 | D:1      | lunkers the Tengu Air Elementalist began the quest for the
                  | Orb.
     0 | D:1      | Reached XP level 1. HP: 10/10 MP: 4/4
   435 | D:1      | Reached XP level 2. HP: 15/15 MP: 3/6
   852 | D:1      | Reached skill level 5 in Air Magic
   957 | D:1      | Reached XP level 3. HP: 19/19 MP: 4/7
   961 | D:1      | Learned a level 3 spell: Swiftness
   964 | D:1      | Learned a level 2 spell: Static Discharge
  1154 | D:2      | Found Bavyim's Armour Shoppe.
  1383 | D:2      | Reached XP level 4. HP: 24/24 MP: 4/9
  1683 | D:1      | Upgraded the game from 0.29-a0-72-g1732ff48e7 to
                  | 0.29-a0-91-gdebf4667c2
  1711 | D:2      | Reached skill level 6 in Air Magic
  2027 | D:2      | Found a shimmering altar of Xom.
  2194 | D:2      | Gained mutation: Your magical nature lets you fly swiftly
                  | and evasively. [Tengu growth]
  2194 | D:2      | Reached XP level 5. HP: 28/28 MP: 7/10
  2199 | D:2      | Learned a level 4 spell: Airstrike
  2649 | D:3      | You are sucked into a shaft and drop 1 floor!
  2660 | D:4      | Found a hide-covered altar of Uskayaw.
  2670 | D:4      | Found a runed translucent door.
  2670 | D:4      | Noticed cyrus's ghost (amateur DjGl)
  2681 | D:4      | Found an ornate altar of the Wu Jian Council.
  2714 | D:3      | Reached skill level 7 in Air Magic
  2900 | D:4      | Reached XP level 6. HP: 13/32 MP: 0/12
  3093 | D:4      | Found a sand-covered staircase.
  3197 | D:4      | Noticed a necrophage
  3452 | D:3      | Killed a necrophage
  3453 | D:3      | Reached skill level 8 in Air Magic
  3817 | D:3      | Found Okinken's Antique Weapon Shop.
  3837 | D:3      | Identified the +2 ring mail "Viunudej" {Will+}
  4124 | D:3      | Found a radiant altar of Vehumet.
  4242 | D:3      | Became a worshipper of Vehumet
  4278 | D:4      | Reached XP level 7. HP: 32/36 MP: 5/14
  4618 | D:4      | Reached skill level 9 in Air Magic
  5333 | D:4      | Reached * piety under Vehumet
  5333 | D:4      | Offered knowledge of Magic Dart by Vehumet.
  5482 | D:4      | Reached skill level 10 in Air Magic
  5686 | D:4      | Reached XP level 8. HP: 34/41 MP: 0/16
  6138 | D:5      | Entered Level 5 of the Dungeon
  6174 | D:5      | Reached skill level 5 in Spellcasting
  6613 | D:5      | Reached skill level 11 in Air Magic
  7316 | D:5      | Found an iron altar of Okawaru.
  7827 | D:6      | Reached skill level 12 in Air Magic
  8060 | D:6      | Reached XP level 9. HP: 45/45 MP: 12/19
  8223 | D:6      | Found a sacrificial altar of Ru.
  8603 | D:6      | Offered knowledge of Sandblast by Vehumet.
  8858 | D:6      | Reached ** piety under Vehumet
  8859 | D:6      | Reached skill level 13 in Air Magic
  9089 | D:7      | Found a shimmering altar of Xom.
  9626 | D:7      | Found a staircase to the Ecumenical Temple.
 10090 | D:7      | Reached skill level 14 in Air Magic
 10237 | D:7      | Noticed Prince Ribbit
 10241 | D:7      | Killed Prince Ribbit
 10497 | D:8      | Noticed Grum
 10502 | D:7      | Reached XP level 10. HP: 46/50 MP: 15/22
 10636 | D:8      | Reached skill level 15 in Air Magic
 10715 | D:8      | Offered knowledge of Searing Ray by Vehumet.
 11135 | D:8      | Killed Grum
 11316 | D:8      | Noticed Psyche
 11319 | D:8      | Killed Psyche
 11507 | D:8      | Reached *** piety under Vehumet
 11644 | D:8      | Found a sparkling altar of Nemelex Xobeh.
 11741 | D:8      | Reached skill level 16 in Air Magic
 11991 | D:8      | Noticed Maurice
 12221 | D:8      | Offered knowledge of Fulminant Prism by Vehumet.
 12379 | D:8      | Killed Maurice
 12524 | D:8      | Found a staircase to the Lair.
 12830 | D:8      | Found Papry's Jewellery Shop.
 13015 | D:9      | Noticed Erica
 13081 | D:9      | Identified the +1 ring mail of the Many Xenops {rN+}
 13287 | D:9      | Found an ancient bone altar of Kikubaaqudgha.
 13606 | D:9      | Reached skill level 1 in Fighting
 13769 | D:9      | Found Serasem's Weapon Emporium.
 13990 | D:9      | Reached skill level 17 in Air Magic
 14134 | D:9      | Reached XP level 11. HP: 57/57 MP: 15/24
 14344 | D:10     | Entered Level 10 of the Dungeon
 14349 | D:10     | Reached **** piety under Vehumet
 14700 | D:10     | Found an opulent altar of Gozag.
 14750 | D:10     | Found a shadowy altar of Dithmenos.
 14839 | D:10     | Killed Erica
 14952 | D:10     | Noticed Joseph
 14982 | D:10     | Killed Joseph
 14982 | D:10     | Offered knowledge of Iskenderun's Mystic Blast by Vehumet.
 14991 | D:10     | Learned a level 4 spell: Iskenderun's Mystic Blast
 15269 | D:10     | Found a glowing golden altar of the Shining One.
 15272 | D:10     | Noticed a centaur warrior
 15276 | D:10     | Killed a centaur warrior
 15495 | D:10     | Found a white marble altar of Elyvilon.
 15804 | D:10     | Found a shimmering blue altar of Sif Muna.
 16049 | Lair:1   | Entered Level 1 of the Lair of Beasts
 16332 | Lair:1   | Noticed a seven-headed hydra
 16336 | Lair:1   | Killed a seven-headed hydra
 17077 | Lair:2   | Reached skill level 5 in Conjurations
 17241 | Lair:2   | Found a frozen archway.
 17254 | Lair:2   | Reached skill level 5 in Dodging
 17369 | IceCv    | Entered an ice cave
 17613 | IceCv    | Noticed a quicksilver ooze
 17617 | IceCv    | Killed a quicksilver ooze
 17624 | IceCv    | Mangled by an entropy weaver simulacrum

Illustrated notes

Levels and vault maps discovered:
D:1:      psy_arrival_statuary, layout_rooms
D:2:      layout_rooms, basic_altar, serial_shops, shop, st_stairs_1,
          kennysheep_donut, minmay_hexomino_c4
D:3:      layout_rooms, vehumet_statue, serial_shops, nicolae_shop_waterfront
D:4:      layout_cave_pools, old_standard_altar, overflow_temple_1_default,
          enter_ossuary_3, ebering_ghost_reflecting_pool
D:5:      layout_rooms, kennysheep_okawaru_gauntlet, kennysheep_nondescript
D:6:      layout_cave_pods, nicolae_ru_the_path_less_chosen
D:7:      layout_gridville, xom_confusion_cloud, minmay_temple_entry_hall,
          uniq_prince_ribbit1
D:8:      layout_gridville, nicolae_overflow_crystal_walls, david_lair_shrubbed,
          serial_shops, nicolae_stop_n_shop_2, minmay_orc_keep, uniq_grum,
          uniq_maurice, uniq_psyche
D:9:      layout_basic, nicolae_kikubaaqudgha_miasma_corner, serial_shops,
          kennysheep_little_box, uniq_erica
D:10:     layout_cave_pools, mainiacjoe_overflow_tiny_flanked, led_sif_pool,
          lemuel_tele_altar, nicolae_dithmenos_shadow_blocks,
          lemuel_doored_altar, serial_column_ruins, column_ruins_hut,
          column_ruins_courtyard_long, column_ruins_open_tiny,
          column_ruins_columns_water, column_ruins_open_medium,
          column_ruins_grid_1, column_ruins_corridor_corner,
          column_ruins_grid_4, uniq_joseph
Lair:1:   layout_cave_pods
Lair:2:   layout_cave_pods, portal_ice_cave_demonic_guard, st_stairs_3,
          infiniplex_staircase_pool_2
IceCv:    ice_cave_hellmonk_azure_passage

Skill      XL: |  1  2  3  4  5  6  7  8  9 10 11 |
---------------+----------------------------------+-----
Air Magic      | 5 6 7 8 10 12 14 17 | 17.4
Spellcasting   | 3 4 6 7 8 9 |  9.7
Fighting       | 1 4 |  4.4
Dodging        | 3 5 |  5.5
Conjurations   | 6 |  6.6
Stealth        | |  2.0

Action                   |  1- 3 |  4- 6 |  7- 9 | 10-12 || total
-------------------------+-------+-------+-------+-------++-------
Melee: Unarmed           |     5 |     4 |     1 |     6 ||    16
       Kick              |     2 |     1 |       |     5 ||     8
       Peck              |     1 |       |       |     2 ||     3
       Spear             |       |       |     7 |     3 ||    10
       Scimitar          |       |       |       |     9 ||     9
 Cast: Shock             |    65 |    72 |     1 |       ||   138
       Static Discharge  |       |    35 |       |     3 ||    38
       Airstrike         |       |     4 |   148 |   195 ||   347
Evoke: Wand              |       |       |       |    12 ||    12
  Use: Scroll            |     1 |     4 |     9 |     3 ||    17
       Potion            |       |       |       |     1 ||     1
Armor: Robe              |     6 |     6 |     1 |       ||    13
       Ring mail         |       |       |     3 |    13 ||    16
       Skin              |       |       |       |     3 ||     3
Dodge: Dodged            |    15 |    33 |    22 |    49 ||   119

Table legend: (Time is in decaauts)
 A = Elapsed time spent in this place.
 B = Non-inter-level travel time spent in this place.
 C = Inter-level travel time spent in this place.
 D = Time resting spent in this place.
 E = Time spent auto-exploring this place.
 F = Levels seen in this place.
 G = Mean time per level.
                   A        B        C        D        E       F      G
               +--------+--------+--------+--------+--------+-----+--------+
         Total |  17064 |  16789 |    275 |   2808 |  11885 |  13 | 1312.6 |
       Dungeon |  15574 |  15328 |    246 |   2480 |  10882 |  10 | 1557.4 |
          Lair |   1239 |   1211 |     28 |    135 |    969 |   2 |  619.5 |
      Ice Cave |    251 |    251 |      0 |    193 |     33 |   1 |  251.0 |
               +--------+--------+--------+--------+--------+-----+--------+

Top non-repeatable levels by time:
     D:8: 2234 daAuts
     D:3: 2030 daAuts
     D:4: 1664 daAuts
     D:1: 1589 daAuts
     D:6: 1533 daAuts
    D:10: 1529 daAuts
     D:9: 1489 daAuts
     D:7: 1388 daAuts
     D:5: 1084 daAuts
     D:2: 1030 daAuts
  Lair:1: 936 daAuts
  Lair:2: 303 daAuts
   IceCv: 251 daAuts
